 Dungeon Crawl Stone Soup version 0.24.0-125-gc4c63601f3 (webtiles) character file.

Game seed: 1842800073901581593, levelgen mode: deterministic

128 Peloso the Skirmisher (level 4, -3/41 HPs)
             Began as a Minotaur Fighter on Mar 21, 2020.
             Slain by Crazy Yiuf
             ... wielding a +2 quarterstaff of chaos
              (4 damage)
             ... while petrified by Crazy Yiuf
             ... on level 2 of the Dungeon.
             The game lasted 00:02:47 (1362 turns).

Peloso the Skirmisher (Minotaur Fighter)            Turns: 1362, Time: 00:02:48

Health: -3/41      AC:  7    Str: 21    XL:     4   Next: 87%
Magic:  3/3        EV:  2    Int:  5    God:
Gold:   61         SH:  0    Dex: 10    Spells: 3/3 levels left

rFire    . . .     SeeInvis .   a - +0 long sword
rCold    . . .     Gourm    .   c - +0 shield
rNeg     + + +     Faith    .   b - +0 scale mail
rPois    ∞         Spirit   .   (helmet restricted)
rElec    .         Reflect  .   (no cloak)
rCorr    .         Harm     .   (no gloves)
MR       .....                  (no boots)
Stlth    ..........             (no amulet)
HPRegen  0.13/turn              (no ring)
MPRegen  0.08/turn              (no ring)

@: petrified
A: retaliatory headbutt, horns 2
a: no special abilities


You were on level 2 of the Dungeon.
You were hungry.

You visited 1 branch of the dungeon, and saw 2 of its levels.

You collected 61 gold pieces.

Inventory:

Hand Weapons
 a - a +0 long sword (weapon)
Armour
 b - a +0 scale mail (worn)
 c - a +0 shield (worn)
Scrolls
 e - a scroll of remove curse
 g - 2 scrolls of identify {unknown}
 h - a scroll of teleportation {unknown}
 i - a scroll of fear {unknown}
Potions
 d - 2 potions of might
Comestibles
 f - 6 rations


   Skills:
 + Level 4.6 Fighting
 + Level 4.1 Long Blades
 + Level 4.2 Armour
 + Level 0.6 Dodging
 + Level 4.4 Shields


You had 3 spell levels left.
You didn't know any spells.
Your spell library was empty.

Dungeon Overview and Level Annotations

Branches:
Dungeon (2/15)

Altars:
Ashenzari
Dithmenos

Annotations:
D:2 Crazy Yiuf


Innate Abilities, Weirdness & Mutations

You reflexively headbutt those who attack you in melee.
You have a pair of horns on your head.


Message History

You hit Crazy Yiuf but do no damage. You headbutt Crazy Yiuf.
Crazy Yiuf is lightly wounded.
Crazy Yiuf hits you with a +2 quarterstaff of chaos.
You are slowing down.
Okay, then.
You hit Crazy Yiuf but do no damage. You headbutt Crazy Yiuf!
Crazy Yiuf is heavily wounded.
Crazy Yiuf barely misses you.
You riposte.
You closely miss Crazy Yiuf.
Crazy Yiuf is heavily wounded.
Crazy Yiuf barely misses you. You furiously retaliate!
You headbutt Crazy Yiuf.
You have turned to stone.
Crazy Yiuf hits you with a +2 quarterstaff of chaos!
* * * LOW HITPOINT WARNING * * *
You are electrocuted!
* * * LOW HITPOINT WARNING * * *
Crazy Yiuf says, "Aardvark!
Rifle eyeball verde."
Crazy Yiuf hits you with a +2 quarterstaff of chaos.
* * * LOW HITPOINT WARNING * * *
Crazy Yiuf hits you with a +2 quarterstaff of chaos!
You die...

#.###########
#.########.#.# #.#
#.###### #.#.# ..#
#..†...###.#.# ###
######..<....# #
######..# # ♣♣♣♣♣###
#..# # ### ♣♣♣.♣....##
#..# ###
#...#♣..♣......## #..#
..#
#...g@♣♣♣♣......###...
#.# #)..#♣♣
♣♣.........## #.# ###
♣♣##.#...... #.#
###..#### #.# #..# #.#
### #..# #.# ##.# #..#
#.# #..# #..# #.# #.##
#..#


You could see Crazy Yiuf.

Vanquished Creatures
  Robin (D:2)
  6 adders (D:2)
  2 worms (D:2)
  A leopard gecko (D:1)
  A giant cockroach (D:2)
  14 goblins
  10 hobgoblins
  6 jackals
  A bat (D:1)
  2 frilled lizards
  6 kobolds
  5 rats
55 creatures vanquished.

Notes
Turn   | Place    | Note
-------+----------+-------------------------------------------
     0 | D:1      | Peloso the Minotaur Fighter began the quest for the Orb.
     0 | D:1      | Reached XP level 1. HP: 19/19 MP: 0/0
    88 | D:1      | Reached XP level 2. HP: 27/27 MP: 1/1
   414 | D:2      | Noticed Robin
   423 | D:2      | Killed Robin
   423 | D:2      | Reached XP level 3. HP: 30/34 MP: 2/2
   515 | D:2      | Found a runed translucent door.
   516 | D:2      | Noticed Crazy Yiuf
   670 | D:2      | Found a shadowy altar of Dithmenos.
   695 | D:2      | Reached XP level 4. HP: 27/41 MP: 3/3
  1104 | D:2      | Found a shattered altar of Ashenzari.
  1360 | D:2      | HP: 2/41 [Crazy Yiuf/+2 quarterstaff of chaos (8)]
  1362 | D:2      | Slain by Crazy Yiuf

Levels and vault maps discovered:
D:1:      lightli_arrival_chessboard, layout_rooms,
          chequers_serial_rivers_micro_b
D:2:      layout_loops_ring, lemuel_round_altar, lemuel_round_altar, uniq_robin,
          uniq_crazy_yiuf_cottage

Skill      XL: |  1  2  3  4 |
---------------+-------------+-----
Fighting       | 4 |  4.6
Shields        | 4 |  4.4
Long Blades    | 3 4 |  4.1
Armour         | 4 |  4.2
Dodging        | |  0.6

Action                   |  1- 3 |  4- 6 || total
-------------------------+-------+-------++-------
Melee: Long sword        |    78 |    65 ||   143
       Headbutt          |    13 |    13 ||    26
  Use: Potion            |     4 |       ||     4
       Scroll            |       |     1 ||     1
  Eat: Chunk             |       |     1 ||     1
Armor: Scale mail        |    57 |    32 ||    89
Dodge: Dodged            |    41 |    19 ||    60
Block: Shield            |    51 |    34 ||    85
       Rpst.: Long sword |    11 |     7 ||    18
